 Dungeon Crawl Stone Soup version 0.23.0-3-gf3c87f2df8 (webtiles) character file.

Game seed: 3128893279164477080

102631 PikkenKukken the Spry (level 16, 0/97 HPs)
             Began as a Tengu Air Elementalist on Feb 23, 2019.
             Was a High Priest of Kikubaaqudgha.
             Killed by the raging water
             ... invoked by a water nymph
              (30 damage)
             ... on level 1 of the Shoals.
             The game lasted 03:30:33 (52826 turns).

PikkenKukken the Spry (Tengu Air Elementalist)     Turns: 52826, Time: 03:30:34

Health: 0/97       AC:  8    Str:  8    XL:     16   Next: 33%
Magic:  5/30       EV: 31    Int: 21    God:    Kikubaaqudgha [*****.]
Gold:   2676       SH:  2    Dex: 17    Spells: 2/33 levels left

rFire    . . .     SeeInvis +   t - staff of air
rCold    . . .     Gourm    .   (no shield)
rNeg     . . .     Faith    .   U - +2 robe {Archmagi}
rPois    +         Spirit   .   D - +2 hat {MR+}
rElec    +         Reflect  +   r - scarf {cloud immunity}
rCorr    .         Harm     .   P - +1 pair of gloves
MR       ++...                  (boots unavailable)
Stlth    ++........             n - +2 amulet of reflection
HPRegen  0.26/turn              F - ring of see invisible
MPRegen  0.22/turn              z - ring of poison resistance

@: flying quickly and evasively, quick
A: beak, talons 3, able to fly
a: Stop Flying, Receive Corpses, Torment, Renounce Religion


You were on level 1 of the Shoals.
You worshipped Kikubaaqudgha.
Kikubaaqudgha was extremely pleased with you.
You were very hungry.

You visited 6 branches of the dungeon, and saw 27 of its levels.

You collected 3166 gold pieces.
You spent 490 gold pieces at shops.

Inventory:

Hand Weapons
 s - a +3 dagger of venom
Missiles
 b - 319 arrows
Armour
 e - a +1 robe of fire resistance
 r - a scarf of cloud immunity (worn)
 D - a +2 hat of magic resistance (worn)
 L - a +0 troll leather armour
 P - a +1 pair of gloves (worn)
 U - a +2 robe of the Archmagi (worn)
 X - +0 fire dragon scales
Magical Staves
 t - an uncursed staff of air (weapon)
 x - an uncursed staff of summoning
 E - an uncursed staff of earth
 N - an uncursed staff of death
Jewellery
 f - an uncursed ring of protection from fire
 m - an uncursed ring of fire
 n - a +2 amulet of reflection (around neck)
 v - an uncursed ring of resist corrosion
 z - a ring of poison resistance (right hand)
 F - a ring of see invisible (left hand)
 H - a +5 ring of strength
 S - an uncursed ring of positive energy
 T - an uncursed ring of wizardry
Wands
 k - a wand of disintegration (2)
 y - a wand of flame (7)
 B - a wand of iceblast (9)
 C - a wand of paralysis (5)
 G - a wand of random effects (12)
 O - a wand of enslavement (20)
Scrolls
 i - 2 scrolls of magic mapping
 j - 7 scrolls of teleportation
 l - 2 scrolls of identify
 u - 3 scrolls of enchant weapon
 w - 5 scrolls of remove curse
 I - 2 scrolls of amnesia
 J - 5 scrolls of enchant armour
 Q - a scroll of fear
Potions
 a - a potion of resistance
 d - a potion of magic
 g - 9 potions of curing
 h - a potion of berserk rage
 o - 3 potions of agility
 p - 5 potions of heal wounds
 q - 2 potions of lignification
 A - 2 potions of haste
 K - a potion of cancellation
 M - a potion of mutation
 R - a potion of ambrosia
Miscellaneous
 V - a box of beasts
Comestibles
 c - 7 rations
 W - 10 chunks of flesh


   Skills:
 - Level 10.0 Fighting
 - Level 1.0 Short Blades
 - Level 4.0 Armour
 + Level 17.7 Dodging
 - Level 2.0 Stealth
 - Level 0.4 Unarmed Combat
 + Level 9.3 Spellcasting
 - Level 10.0 Conjurations
 + Level 10.5 Necromancy
 + Level 14.1 Air Magic
 * Level 5.8 Earth Magic
 - Level 5.0 Evocations


You had 2 spell levels left.
You knew the following spells:

 Your Spells              Type           Power        Failure   Level  Hunger
a - Shock                 Conj/Air       ####         1%          1    None
b - Static Discharge      Conj/Air       #######.     1%          3    None
c - Airstrike             Air            ########..   1%          4    ##.....
d - Lightning Bolt        Conj/Air       #######...   1%          5    #####..
e - Animate Skeleton      Necr           N/A          1%          1    None
f - Regeneration          Chrm/Necr      #####.....   2%          3    None
g - Animate Dead          Necr           N/A          1%          4    ##.....
h - Dispel Undead         Necr           ######..     2%          5    #####..
i - Borgnjor's Vile Clut  Necr/Erth      ######....   7%          5    #####..

Your spell library contained the following spells:

 Spells                   Type           Power        Failure   Level  Hunger
 Flame Tongue             Conj/Fire      #####        1%          1    None
 Magic Dart               Conj           ####         1%          1    None
 Pain                     Necr           ####         1%          1    None
 Searing Ray              Conj           ######       1%          2    None
 Sublimation of Blood     Necr           ######....   1%          2    None
 Swiftness                Chrm/Air       ######..     1%          2    None
 Throw Frost              Conj/Ice       #####.       1%          2    None
 Freeze                   Ice            ##..         7%          1    None
 Vampiric Draining        Necr           ######....   1%          3    None
 Iskenderun's Mystic Bla  Conj           ######..     1%          4    ##.....
 Dazzling Spray           Conj/Hex       #####.       2%          3    None
 Agony                    Necr           ######..     2%          5    #####..
 Force Lance              Conj/Tloc      #####...     9%          4    ##.....
 Fulminant Prism          Conj/Hex       #####.....   9%          4    ##.....
 Throw Icicle             Conj/Ice       #####...     9%          4    ##.....
 Silence                  Hex/Air        ######....   11%         5    #####..
 Death Channel            Necr           ######....   14%         6    ######.
 Ignite Poison            Fire/Tmut/Pois ##......     21%         3    None
 Ozocubu's Armour         Chrm/Ice       ##......     21%         3    None
 Recall                   Summ/Tloc      N/A          21%         3    None
 Excruciating Wounds      Chrm/Necr      #####.....   22%         5    #####..
 Deflect Missiles         Chrm/Air       ######....   52%         6    ######.
 Cause Fear               Hex            ##........   56%         4    ##.....
 Summon Ice Beast         Ice/Summ       ##......     56%         4    ##.....
 Simulacrum               Ice/Necr       #####.....   77%         6    ######.
 Yara's Violent Unravell  Hex/Tmut       ##........   88%         5    #####..
 Borgnjor's Revivificati  Necr           ######....   99%         8    #######
 Infestation              Necr           ######....   99%         8    #######
 Haunt                    Necr/Summ      #####.....   100%        7    #######
 Death's Door             Chrm/Necr      #####.....   100%        8    #######
 Discord                  Hex            ##........   100%        8    #######
 Necromutation            Tmut/Necr      #####.....   100%        8    #######


Dungeon Overview and Level Annotations

Branches:
Dungeon (15/15)            Temple (1/1) D:7            Lair (6/6) D:8
 Shoals (1/4) Lair:3       Spider (2/4) Lair:2        Slime (0/5) Lair:5
    Orc (2/2) D:10            Elf (0/3) Orc:2        Vaults (0/5) D:14
 Depths: D:15

Altars:
Cheibriados
Dithmenos
Elyvilon
Fedhas
Gozag
Hepliaklqana
Kikubaaqudgha
Makhleb
Nemelex Xobeh
Okawaru
Qazlal
Sif Muna
Uskayaw
Xom
Yredelemnul
Zin
The Shining One
Beogh

Shops:
D:11 }   D:15 }   Orc:1 *   Orc:2 ?}[*

Annotations:
D:6 1 runed translucent door
D:14 Rupert
Spider:2 1 transporter


Innate Abilities, Weirdness & Mutations

You have a beak for a mouth.
You have claws for feet.
You can fly continuously.


Message History

r - Retreat! s - Stop attacking. g - Guard the area. f - Follow me.
Anything else - Cancel.
Gang up on whom?
Press: ? - help, Dir - move target cursor, f - water nymph
Aim: a water nymph (lightly wounded) Attack!
The water nymph touches you. The water nymph drowns you!
The harpy claws your snapping turtle zombie!
The harpy claws your snapping turtle zombie but does no damage.
Your snapping turtle zombie bites the harpy!
The harpy dies!
Kikubaaqudgha accepts your kill.
The water nymph points at you and mumbles some strange words.
The water rises up and strikes you!
* * * LOW HITPOINT WARNING * * *
You feel much better. The water nymph casts a spell at you.
The water rises up and strikes you!
You die...
Kikubaaqudgha rasps: "You have failed me!
Welcome... death!"

. ..........####....≈≈≈..
≈≈.##........ #.....≈≈≈≈..
≈≈......≈...###......≈≈≈≈≈
≈≈≈....≈≈...##.......≈≈≈≈≈
≈≈≈..≈..≈......≈≈≈≈...≈≈≈≈
≈≈≈.........(....≈≈#!..≈≈≈
≈≈≈...##...†.Z.<≈.≈#....≈≈
.....$...#....ZZ≈m≈≈...≈≈≈
#.......##......@≈≈..≈≈≈≈≈
.....≈≈.##†>.........≈≈≈≈≈
≈.....≈≈#)#....≈≈...≈≈≈≈≈≈
≈≈.....H......≈≈≈≈≈≈≈≈≈≈≈≈
≈≈≈m..........≈≈≈≈≈≈≈≈≈≈≈≈
.≈.###...###...≈≈≈≈≈≈≈≈≈≈≈
..) #).≈# #....≈≈≈≈≈≈≈≈≈≈
#... ......≈≈≈≈≈≈≈≈


You could see a water nymph, 2 friendly snapping turtle zombies and a friendly
merfolk zombie.

Vanquished Creatures
  A ghost moth (Spider:1)
  4 entropy weavers
  A stone giant (Orc:2)
  A merfolk impaler (Lair:3)
  2 fire dragons
  Harold (D:9)
  A vault guard (D:13)
  2 hydras (Lair:6)
  A catoblepas (Lair:2)
  3 ghost crabs (Lair:4)
  2 centaur warriors
  6 two-headed ogres
  3 death yaks
  4 orc high priests
  Nergalle (D:10)
  5 fire crabs
  4 skeletal warriors
  2 unseen horrors
  4 orc knights
  2 lindwurms
  A harpy (Shoals:1)
  7 ugly things
  A deep elf mage (D:14)
  2 oklob plants (Lair:1)
  6 wolf spiders
  3 cyclopes
  5 orc sorcerers (Orc:2)
  3 orb spiders (Spider:1)
  A manticore (Lair:3)
  An apocalypse crab (Lair:4)
  4 black mambas
  2 centaur zombies
  2 elephants (Lair:6)
  A gargoyle (D:10)
  3 centaur skeletons (D:14)
  7 spiny frogs
  3 torpor snails (Lair:6)
  An efreet (D:14)
  9 rime drakes (Lair:5)
  A freezing wraith (D:14)
  4 demonic crawlers (Spider:1)
  4 komodo dragons
  4 jumping spiders
  4 trolls
  3 meliai (D:14)
  A troll (shapeshifter) (D:14)
  4 slime creatures (D:12)
  3 tyrant leeches (Lair:6)
  30 blink frogs
  5 hornets (Lair:6)
  8 hippogriffs
  11 redbacks
  3 shadows
  17 tarantellas
  3 wraiths
  28 yaks
  4 wyverns
  2 hungry ghosts
  2 basilisks
  A fire elemental (Orc:2)
  5 steam dragons (Lair:5)
  2 vampire mosquitoes (D:12)
  3 wargs (D:10)
  7 water moccasins
  An acid dragon (D:14)
  10 porcupines
  4 ice beasts
  2 black bears
  23 orc warriors
  2 sky beasts (D:10)
  9 ogres
  2 phantoms
  A boggart (D:14)
  14 centaurs
  11 wolves
  14 crocodiles
  4 big kobolds
  Blork the orc (D:5)
  16 bullfrogs
  7 scorpions
  5 killer bees
  A water moccasin skeleton (D:6)
  6 electric eels
  3 wights (D:10)
  4 howler monkeys
  4 crimson imps
  6 hounds
  2 jellies
  Ijyb (D:3)
  4 bullfrog skeletons
  18 orc priests
  28 orc wizards
  Jessica (D:3)
  A killer bee zombie (D:6)
  17 worker ants
  A howler monkey zombie (D:6)
  2 worker ant zombies
  3 gnolls (D:7)
  4 adders
  12 white imps (Lair:3)
  2 oozes (Lair:5)
  2 adder zombies
  An adder skeleton (D:6)
  A worm (shapeshifter) (D:13)
  2 worms (D:2)
  2 dart slugs
  9 leopard geckos
  81 orcs
  2 ball pythons
  6 giant cockroaches
  6 goblins
  8 hobgoblins
  16 jackals
  24 kobolds
  5 quokkas
  3 bats
  3 frilled lizards
  A quokka skeleton (D:5)
  A quokka zombie (D:5)
  5 rats
  A spectral orc (D:5)
  2 butterflies (D:6)
  3 fungi
  A plant (Lair:1)
702 creatures vanquished.

Vanquished Creatures (collateral kills)
  An orc warlord (D:10)
  2 hydras
  A sea snake (Lair:3)
  An orc knight (D:12)
  A harpy (Shoals:1)
  An orb spider (Spider:1)
  A deep elf mage (D:14)
  A centaur zombie (D:14)
  A cyclops (D:10)
  2 elephants (Lair:6)
  2 black mambas (Lair:6)
  3 torpor snails (Lair:6)
  3 rime drakes (Lair:5)
  2 spiny frogs (Lair:6)
  2 komodo dragons
  A demonic crawler (Spider:1)
  A troll (D:11)
  4 merfolk
  3 jumping spiders (Spider:1)
  A tyrant leech (Lair:6)
  2 hornets (Lair:6)
  A slime creature (D:14)
  8 blink frogs
  4 redbacks (Spider:1)
  3 tarantellas (Spider:1)
  A shadow (D:14)
  7 yaks
  A basilisk (Lair:5)
  2 wargs
  2 water moccasins
  A porcupine (Lair:4)
  6 orc warriors
  An ice beast (D:14)
  2 ogres
  A wolf (Lair:5)
  2 centaurs (D:13)
  5 crocodiles
  2 howler monkeys (D:14)
  An orc wizard (D:13)
  4 hell rats (Lair:6)
  A worker ant (D:14)
  An ooze (Lair:5)
  14 orcs
  A fungus (Lair:6)
  A plant (Lair:6)
108 creatures vanquished.

Vanquished Creatures (others)
  A crocodile (Lair:5)
  20 fungi
  40 plants
61 creatures vanquished.

Grand Total: 871 creatures vanquished

Notes
Turn   | Place    | Note
-------+----------+-------------------------------------------
     0 | D:1      | PikkenKukken the Tengu Air Elementalist began the quest for
                  | the Orb.
     0 | D:1      | Reached XP level 1. HP: 10/10 MP: 4/4
   178 | D:1      | Reached XP level 2. HP: 15/15 MP: 1/6
  1062 | D:1      | Reached XP level 3. HP: 19/19 MP: 3/7
  1295 | D:2      | Found a shimmering altar of Xom.
  1456 | D:1      | Learned a level 3 spell: Static Discharge
  1686 | D:2      | Reached skill level 5 in Air Magic
  1735 | D:2      | Found a sparkling altar of Nemelex Xobeh.
  2080 | D:2      | Noticed a scorpion
  2093 | D:2      | Killed a scorpion
  2093 | D:2      | Reached XP level 4. HP: 24/24 MP: 1/8
  2338 | D:3      | Noticed Jessica
  2501 | D:3      | Noticed Ijyb
  2541 | D:3      | Gained mutation: You can fly continuously. [Tengu growth]
  2541 | D:3      | Reached XP level 5. HP: 28/28 MP: 4/9
  2736 | D:3      | Found an iron altar of Okawaru.
  2838 | D:3      | Killed Jessica
  3030 | D:3      | Found a blossoming altar of Fedhas.
  3309 | D:3      | Found a white marble altar of Elyvilon.
  3402 | D:3      | Found a glowing golden altar of the Shining One.
  3605 | D:3      | Learned a level 4 spell: Airstrike
  3961 | D:4      | Reached XP level 6. HP: 32/32 MP: 3/10
  4220 | D:4      | Reached skill level 5 in Conjurations
  4448 | D:4      | Reached skill level 1 in Short Blades
  4448 | D:4      | Reached XP level 7. HP: 33/37 MP: 6/11
  4490 | D:4      | Reached skill level 3 in Dodging
  5267 | D:4      | Reached skill level 4 in Dodging
  5370 | D:4      | Found a deep blue altar of Sif Muna.
  5619 | D:3      | Killed Ijyb
  5889 | D:5      | Entered Level 5 of the Dungeon
  5918 | D:5      | Found a glowing silver altar of Zin.
  5927 | D:5      | Reached XP level 8. HP: 42/42 MP: 8/12
  6009 | D:5      | Noticed Blork the orc
  6017 | D:5      | Killed Blork the orc
  6694 | D:5      | Found a sparkling altar of Nemelex Xobeh.
  6884 | D:5      | Reached skill level 5 in Dodging
  7396 | D:5      | Found a basalt altar of Yredelemnul.
  7684 | D:6      | Reached skill level 1 in Fighting
  8270 | D:6      | Found a stormy altar of Qazlal.
  8296 | D:6      | Found a burning altar of Makhleb.
  8322 | D:6      | Reached XP level 9. HP: 48/48 MP: 1/14
  8329 | D:6      | Learned a level 5 spell: Lightning Bolt
  8420 | D:6      | Reached skill level 6 in Dodging
  8445 | D:6      | Found a runed translucent door.
  8446 | D:6      | Found a runed translucent door.
  8720 | D:6      | Reached skill level 10 in Air Magic
  9070 | D:7      | Found a staircase to the Ecumenical Temple.
  9082 | Temple   | Entered the Ecumenical Temple
  9148 | Temple   | Became a worshipper of Kikubaaqudgha
  9508 | D:6      | Found a stormy altar of Qazlal.
  9508 | D:6      | Found a burning altar of Makhleb.
  9723 | D:6      | Found a runed translucent door.
  9994 | D:7      | Found a hide-covered altar of Uskayaw.
 10001 | D:7      | Noticed a +0 dagger
 10002 | D:7      | Noticed a +0 dagger
 10082 | D:7      | Found a shadowy altar of Dithmenos.
 10172 | D:7      | Reached skill level 7 in Dodging
 11160 | D:8      | Noticed a komodo dragon
 11305 | D:8      | Found an opulent altar of Gozag.
 11564 | D:8      | Found a staircase to the Lair.
 11774 | D:9      | Noticed Harold
 12217 | D:9      | Reached skill level 5 in Spellcasting
 12397 | D:8      | Killed a komodo dragon
 12397 | D:8      | Reached skill level 5 in Fighting
 12397 | D:8      | Reached skill level 8 in Dodging
 12397 | D:8      | Reached XP level 10. HP: 48/59 MP: 2/18
 12696 | D:10     | Entered Level 10 of the Dungeon
 13619 | D:10     | Reached * piety under Kikubaaqudgha
 13633 | D:10     | Identified Kikubaaqudgha's Catalogue of Darkness
                  | (Kikubaaqudgha gifted it to you on level 10 of the Dungeon)
 13633 | D:10     | Received a gift from Kikubaaqudgha
 13731 | D:10     | Noticed Nergalle
 13837 | D:10     | Killed Nergalle
 13959 | D:10     | Reached skill level 9 in Dodging
 13963 | D:10     | Noticed a gargoyle
 14043 | D:10     | Found a staircase to the Orcish Mines.
 14051 | D:10     | Found a roughly hewn altar of Beogh.
 15245 | D:9      | Killed Harold
 15245 | D:9      | Reached skill level 10 in Dodging
 15489 | Lair:1   | Entered Level 1 of the Lair of Beasts
 15658 | Lair:1   | Noticed an oklob plant
 15854 | Lair:1   | Noticed a spiny frog
 15887 | D:8      | Reached skill level 11 in Dodging
 16139 | Lair:1   | Reached XP level 11. HP: 64/64 MP: 7/21
 16254 | Lair:1   | Reached skill level 1 in Necromancy
 17688 | Lair:2   | Found a hole to the Spider Nest.
 18423 | Lair:1   | Noticed an oklob plant
 18469 | Lair:1   | Reached skill level 12 in Dodging
 18627 | Lair:1   | Reached skill level 5 in Necromancy
 19289 | Lair:2   | Noticed a catoblepas
 20475 | Lair:2   | Killed a catoblepas
 20475 | Lair:2   | Reached XP level 12. HP: 13/72 MP: 1/22
 21196 | Lair:3   | Found a staircase to the Shoals.
 21238 | Lair:3   | Reached ** piety under Kikubaaqudgha
 21444 | Lair:3   | Reached skill level 10 in Conjurations
 21884 | Lair:3   | HP: 1/73 [spiny frog (3)]
 22140 | Lair:3   | Noticed a death yak
 22332 | Lair:3   | Noticed a death yak
 22333 | Lair:3   | Noticed a death yak
 22370 | Lair:2   | Killed a death yak
 22925 | Lair:2   | Killed a death yak
 22925 | Lair:2   | Reached skill level 13 in Dodging
 24414 | Lair:4   | Learned a level 1 spell: Animate Skeleton
 24418 | Lair:4   | Learned a level 3 spell: Regeneration
 24706 | Lair:4   | Found a runed translucent door.
 25365 | Lair:4   | Learned a level 4 spell: Animate Dead
 25878 | Lair:5   | Reached *** piety under Kikubaaqudgha
 25878 | Lair:5   | Identified Kikubaaqudgha's Grimoire of Sinister Rites
                  | (Kikubaaqudgha gifted it to you on level 5 of the Lair of
                  | Beasts)
 25878 | Lair:5   | Received a gift from Kikubaaqudgha
 26102 | Lair:5   | Noticed an eight-headed hydra
 26110 | Lair:5   | Killed an eight-headed hydra
 26134 | Lair:5   | Reached skill level 14 in Dodging
 26134 | Lair:5   | Reached XP level 13. HP: 77/78 MP: 4/23
 26135 | Lair:5   | Found a staircase to the Slime Pits.
 27407 | Lair:5   | Identified a scroll of acquirement
 27407 | Lair:5   | Identified the Collected Works on Harmful Poisoning (You
                  | acquired it on level 5 of the Lair of Beasts)
 28006 | Lair:5   | Noticed a fire dragon
 28013 | Lair:5   | Killed a fire dragon
 28571 | Lair:6   | Entered Level 6 of the Lair of Beasts
 29694 | D:11     | Reached **** piety under Kikubaaqudgha
 29995 | D:11     | Found Voshrott's Gadget Emporium.
 30596 | D:11     | Reached skill level 1 in Armour
 30661 | D:12     | Reached skill level 1 in Evocations
 30853 | D:12     | Noticed a rakshasa
 30875 | D:12     | Reached skill level 15 in Dodging
 32136 | Orc:1    | Entered Level 1 of the Orcish Mines
 32340 | Orc:1    | Noticed an orc warlord
 32750 | Lair:6   | Reached XP level 14. HP: 84/84 MP: 6/27
 33133 | Lair:6   | Reached ***** piety under Kikubaaqudgha
 34113 | Lair:6   | Found a runed translucent door.
 34248 | Lair:6   | Reached skill level 5 in Evocations
 35066 | Lair:6   | Reached skill level 16 in Dodging
 36568 | D:13     | Found a hide-covered altar of Uskayaw.
 38456 | D:13     | Learned a level 5 spell: Dispel Undead
 39666 | D:14     | Reached skill level 17 in Dodging
 39778 | D:14     | Learned a level 5 spell: Borgnjor's Vile Clutch
 39782 | D:14     | Found a gate to the Vaults.
 40012 | D:14     | Reached XP level 15. HP: 89/89 MP: 20/29
 40128 | D:13     | Reached skill level 1 in Earth Magic
 41319 | D:14     | Reached ****** piety under Kikubaaqudgha
 41364 | D:14     | Received a gift from Kikubaaqudgha
 41504 | D:15     | Entered Level 15 of the Dungeon
 42022 | D:10     | Killed an orc warlord
 42585 | Orc:1    | Found Caxum's Assorted Antiques.
 43205 | Orc:2    | Entered Level 2 of the Orcish Mines
 44056 | Orc:2    | Found a staircase to the Elven Halls.
 46331 | Orc:2    | Found Acioc's Gadget Shop.
 46331 | Orc:2    | Found Gurenkei's Magic Scroll Shop.
 46332 | Orc:2    | Found Baifam's General Store.
 46332 | Orc:2    | Found Keagal's Armour Emporium.
 46344 | Orc:2    | Bought a ration for 70 gold pieces
 46364 | Orc:2    | Bought an uncursed ring of wizardry for 420 gold pieces
 48619 | D:15     | Found Huekh's Gadget Shop.
 48631 | D:14     | Reached skill level 10 in Necromancy
 48687 | D:15     | Noticed Rupert
 49387 | Spider:1 | Entered Level 1 of the Spider Nest
 49952 | Spider:1 | You are sucked into a shaft!
 49952 | Spider:2 | Found a transporter.
 49955 | Spider:2 | Noticed a ghost moth
 49959 | Spider:2 | Reached XP level 16. HP: 97/97 MP: 24/30
 49969 | Spider:1 | Reached skill level 5 in Earth Magic
 50224 | Spider:1 | Reached skill level 10 in Fighting
 52153 | Shoals:1 | Entered Level 1 of the Shoals
 52826 | Shoals:1 | Killed from afar by a water nymph

Skill      XL: |  1  2  3  4  5  6  7  8  9 10 11 12 13 14 15 16 |
---------------+-------------------------------------------------+-----
Conjurations   | 2 3 4 5 6 8 9 10 | 10.0
Air Magic      | 5 6 7 8 9 10 12 13 14 | 14.1
Short Blades   | 1 |  1.0
Dodging        | 4 5 8 11 12 14 15 17 | 17.7
Fighting       | 2 5 6 7 8 9 10 | 10.0
Spellcasting   | 5 6 8 9 |  9.3
Necromancy     | 6 8 10 | 10.5
Armour         | 3 4 |  4.0
Evocations     | 2 5 |  5.0
Earth Magic    | 4 5 |  5.8
Stealth        | |  2.0
Unarmed Combat | |  0.4

Action                   |  1- 3 |  4- 6 |  7- 9 | 10-12 | 13-15 | 16-18 || total
-------------------------+-------+-------+-------+-------+-------+-------++-------
Melee: Unarmed           |     5 |       |       |       |       |       ||     5
       Kick              |     1 |     8 |    48 |    70 |    87 |     1 ||   215
       Peck              |     1 |     4 |    30 |    62 |    74 |     3 ||   174
       Short sword       |     1 |       |       |       |       |       ||     1
       Dagger            |       |    37 |   181 |   269 |    69 |       ||   556
       Punch             |       |       |       |     2 |       |       ||     2
       Staff             |       |       |       |     1 |   291 |     6 ||   298
 Cast: Shock             |    99 |    65 |   139 |   170 |    89 |     1 ||   563
       Static Discharge  |       |     6 |     9 |     8 |     7 |       ||    30
       Airstrike         |       |       |    16 |   191 |   300 |    15 ||   522
       Lightning Bolt    |       |       |    19 |    46 |   157 |     6 ||   228
       Animate Skeleton  |       |       |       |     7 |    89 |     6 ||   102
       Animate Dead      |       |       |       |     4 |    56 |    10 ||    70
       Regeneration      |       |       |       |       |     3 |       ||     3
       Dispel Undead     |       |       |       |       |    13 |       ||    13
       Borgnjor's Vile C |       |       |       |       |    64 |    35 ||    99
Invok: Receive Corpses   |       |       |       |     2 |    15 |     7 ||    24
       Receive Necronomi |       |       |       |       |     1 |       ||     1
 Abil: Fly               |       |     1 |       |       |       |       ||     1
Evoke: Wand              |       |       |     2 |    20 |    21 |    11 ||    54
  Use: Scroll            |     5 |     3 |     9 |    10 |    11 |     1 ||    39
       Potion            |       |       |     1 |     4 |     2 |     1 ||     8
 Stab: Sleeping          |     1 |     1 |     1 |       |       |       ||     3
       Paralysed         |       |       |       |     3 |       |       ||     3
       Distracted        |       |       |       |       |     6 |       ||     6
       Confused          |       |       |       |       |       |     1 ||     1
  Eat: Chunk             |     5 |     6 |    29 |    49 |    94 |    16 ||   199
       Ration            |       |     1 |     2 |    10 |    20 |     1 ||    34
Armor: Robe              |     4 |     6 |    30 |    47 |    17 |    11 ||   115
       Troll leather arm |       |       |       |       |    51 |       ||    51
Dodge: Dodged            |     6 |    30 |   231 |   504 |   911 |   139 ||  1821
Block: Other             |       |       |       |       |     3 |     6 ||     9
